 Dungeon Sprint DCSS version 0.31-a0-986-g5e6e4ef867 (webtiles) character file.

Game seed: 17284903309494236665

190 rocky1 the Insei (level 5, -9/34 HPs)
             Began as an Octopode Shapeshifter on Nov 17, 2023.
             Mangled by a shadow (12 damage)
             ... in the Dungeon (Sprint III: "The Ten Rune Challenge").
             The game lasted 00:02:00 (658 turns).

rocky1 the Insei (Octopode Shapeshifter)             Turns: 658, Time: 00:02:00

Health: -9/34      AC:  1    Str: 13    XL:     5   Next: 69%
Magic:  5/5        EV: 14    Int: 13    God:
Gold:   18         SH:  0    Dex: 13    Spells: 4/4 levels left

rFire   . .          .
                       - Unarmed
rCold   . . .        (shield currently unavailable)
rNeg    . . .        (helmet restricted)
rPois   .            (no amulet)
rElec   .            (no ring)
rCorr   .            (no ring)
SInv    .            (no ring)
Will    .....        (no ring)
Stlth   ++           (no ring)
HPRegen 0.25/turn    (no ring)
MPRegen 0.09/turn    (no ring)
                     (no ring)

%: no teleportation
@: flux-form, glowing
A: glow, contaminating, almost no armour, amphibious, 8 rings, camouflage 1,
gelatinous body 1, (nimble swimmer 1), tentacles, passive freeze, sense
surroundings 1, inability to drink after injury 1
a: Begin Untransformation


You were in the Dungeon.
You were something dangerously unstable.
You visited 1 branch You collected 18 gold pieces.

Inventory:

Talismans
 b - a beast talisman
 c - a flux talisman (active)
Scrolls
 j - 2 scrolls of vulnerability {unknown}
 k - a scroll of torment {unknown}
 l - 2 scrolls of butterflies {unknown}
 n - a scroll of poison {unknown}
Potions
 a - a potion of lignification
 f - a potion of haste
 g - 2 potions of magic
 h - a potion of berserk rage
 m - 2 potions of enlightenment
 o - a potion of cancellation {unknown}
 p - a potion of degeneration {unknown}


   Skills:
 + Level 1.6 Fighting
 + Level 3.7 Dodging
 + Level 4.2 Stealth
 + Level 7.6 Unarmed Combat
 + Level 7.4 Shapeshifting


You had 4 spell levels left.
You didn't know any spells.
Your spell library was empty.

Dungeon Overview and Level Annotations

Branches:
Dungeon (1/1)

Altars:


Innate Abilities, Weirdness & Mutations

You are something dangerously unstable.
You glow with magical radiation, making you easy to see and hit.
Foes you strike become dangerously contaminated with magical radiation.
You are incapable of wielding weapons or throwing items.
You cannot wear most types of armour.
You are amphibious.
You can wear up to eight rings at the same time.
Your skin changes colour to match your surroundings (Stealth+).
Your rubbery body absorbs attacks. (AC +1, EV +1)
((You are camouflaged when in or above water. (Stealth+)))
You have tentacles for arms and can constrict up to eight enemies at once.
A frigid envelope surrounds you and freezes all who hurt you.
You passively map a small area around you.
You occasionally lose the ability to drink potions when taking damage.


Message History

You tentacle-slap the shadow. You squeeze the shadow.
The shadow is heavily damaged.
The shadow slips into darkness.
The shadow flickers and vanishes!
Deactivating autopickup; reactivate with Ctrl-A.
You feel much better.
The shadow strikes at you from the darkness!
Ouch! That really hurt!
* * * LOW HITPOINT WARNING * * *
Reactivating autopickup.
The shadow completely resists.
Unknown command.
You completely miss the shadow.
The shadow is heavily damaged.
The shadow closely misses you.
You closely miss the shadow. You squeeze the shadow.
The shadow is heavily damaged.
The shadow barely misses you.
You tentacle-slap the shadow but do no damage.
The shadow is heavily damaged.
The shadow closely misses you.
You tentacle-slap the shadow but do no damage.
The shadow is heavily damaged.
The shadow slips into darkness.
The shadow flickers and vanishes!
Deactivating autopickup; reactivate with Ctrl-A.
Blink to where?
Press: ? - help, Dir - move target
As you read the scroll of blinking, it crumbles to dust.
Okay, then.
There is a strange disturbance nearby!
You begin transforming.
You continue transforming. x3
The shadow strikes at you from the darkness!
* * * LOW HITPOINT WARNING * * *
Reactivating autopickup.
The shadow completely resists.
Your transformation has ended.
You turn into something dangerously unstable.
The shadow hits you!
You die...

▓▓▓ ▓▓▓ * ..#### ##.# * *
*, * .....#####..# *_ *_
* ......#..#..# ,,*_ * ,
,
.##..)#..#..###+#+###+##
.###..##'#..#..........#
,,
#.##..###...'.⌠.pW.....#
.##..####...#...######'#,
* .##..###....#.⌠.#
_#...# **
##...##.....#...# #...#
#....#......#+### #...# ~
#..##.#.....# , #...+ *
#.. ####....# _+...# ▓▓▓
*▓▓▓▓▓▓ ** **▓▓▓▓▓ ***
*~~ ,


You could see a shadow.

Vanquished Creatures
  A water elemental (D)
  A scorpion (D)
  A jelly (D)
  Jessica (D)
  A human (D)
  An endoplasm (D)
  2 rats (D)
8 creatures vanquished.

Notes
Turn   | Place    | Note
-------+----------+-------------------------------------------
     0 | D        | rocky1 the Octopode Shapeshifter began the quest for the
                  | Orb.
     0 | D        | Reached XP level 1. HP: 13/13 MP: 1/1
    24 | D        | Noticed Jessica
    35 | D        | Killed Jessica
    36 | D        | Reached skill level 1 in Stealth
    36 | D        | Reached XP level 2. HP: 5/18 MP: 2/2
    36 | D        | Reached XP level 3. HP: 6/23 MP: 3/3
   243 | D        | Noticed a scorpion
   251 | D        | Killed a scorpion
   252 | D        | Reached skill level 5 in Shapeshifting
   252 | D        | Reached XP level 4. HP: 15/28 MP: 4/4
   282 | D        | Gained mutation: Your muscles are strong. (Str +4, Int/Dex
                  | -1) [potion of mutation]
   282 | D        | Gained mutation: Your magical capacity is low. (-10% MP)
                  | [potion of mutation]
   283 | D        | Lost mutation: Your muscles are strong. (Str +4, Int/Dex
                  | -1) [potion of mutation]
   283 | D        | Lost mutation: Your magical capacity is low. (-10% MP)
                  | [potion of mutation]
   283 | D        | Gained mutation: You expend magic power (3 MP) to
                  | strengthen your wands. [potion of mutation]
   283 | D        | Gained mutation: Your flesh is cold resistant. (rC+)
                  | [potion of mutation]
   284 | D        | Lost mutation: Your flesh is cold resistant. (rC+) [potion
                  | of mutation]
   284 | D        | Lost mutation: You expend magic power (3 MP) to strengthen
                  | your wands. [potion of mutation]
   284 | D        | Gained mutation: You are dopey. (Int -2) [potion of
                  | mutation]
   284 | D        | Gained mutation: Potions are less effective at restoring
                  | your health. [potion of mutation]
   284 | D        | Gained mutation: You are robust. (+10% HP) [potion of
                  | mutation]
   285 | D        | Lost mutation: You are dopey. (Int -2) [potion of mutation]
   285 | D        | Lost mutation: Potions are less effective at restoring your
                  | health. [potion of mutation]
   285 | D        | Lost mutation: You are robust. (+10% HP) [potion of
                  | mutation]
   285 | D        | Gained mutation: You are partially covered in iridescent
                  | scales. (AC +2) [potion of mutation]
   285 | D        | Gained mutation: You are mostly covered in iridescent
                  | scales. (AC +4) [potion of mutation]
   285 | D        | Gained mutation: You occasionally lose the ability to drink
                  | potions when taking damage. [potion of mutation]
   285 | D        | Gained mutation: You passively map a small area around you.
                  | [potion of mutation]
   286 | D        | Lost mutation: You are mostly covered in iridescent scales.
                  | (AC +4) [potion of mutation]
   286 | D        | Lost mutation: You are partially covered in iridescent
                  | scales. (AC +2) [potion of mutation]
   286 | D        | Gained mutation: One of your tentacles bears a spike.
                  | [potion of mutation]
   286 | D        | Lost mutation: One of your tentacles bears a spike. [potion
                  | of mutation]
   286 | D        | Gained mutation: A frigid envelope surrounds you and
                  | freezes all who hurt you. [potion of mutation]
   288 | D        | Noticed a water elemental
   293 | D        | Killed a water elemental
   294 | D        | Reached XP level 5. HP: 18/33 MP: 3/5
   448 | D        | Noticed a shadow
   658 | D        | Mangled by a shadow

Illustrated notes

Levels and vault maps discovered:
D:        dungeon_sprint_mu [sprint_mu_entry_cave, sprint_mu_temple_rooms,
          sprint_mu_d1_horrors, sprint_mu_d2_genie, sprint_mu_d3_branching,
          sprint_mu_orc_legion, sprint_mu_elf_gauntlet, sprint_mu_hive_nellie,
          sprint_mu_lair_fedhas, sprint_mu_vaults_butterflies,
          sprint_mu_slime_circle, sprint_mu_shoals_archi,
          sprint_mu_snake_twists, sprint_mu_blade_basic,
          sprint_mu_crypt_chambers, sprint_mu_tomb_spiral,
          sprint_mu_vestibule_basic, sprint_mu_gehenna_hellfire,
          sprint_mu_dis_giant, sprint_mu_tartarus_statrot,
          sprint_mu_cocytus_islands, sprint_mu_zot1]

Skill      XL: |  1  2  3  4  5 |
---------------+----------------+-----
Stealth        | 1 2 3 4 |  4.2
Unarmed Combat | 4 6 7 |  7.6
Shapeshifting  | 4 5 7 |  7.4
Dodging        | 3 |  3.7
Fighting       | |  1.6

Action                     |  1- 3 |  4- 6 || total
---------------------------+-------+-------++-------
  Melee: Unarmed           |    14 |    17 ||    31
         Constrict         |     2 |     1 ||     3
         Tentacles         |     2 |     7 ||     9
    Use: Potion            |       |     7 ||     7
         Scroll            |       |     1 ||     1
   Stab: Sleeping          |     2 |     1 ||     3
 Armour: Skin              |     4 |     5 ||     9
  Dodge: Dodged            |     6 |     9 ||    15
   Form: Flux              |       |     1 ||     1

Table legend: (Time is in decaauts)
 A = Elapsed time spent in this place.
 B = Non-inter-level travel time spent in this place.
 C = Inter-level travel time spent in this place.
 D = Time resting spent in this place.
 E = Time spent auto-exploring this place.
 F = Levels seen in this place.
 G = Mean time per level.
                   A        B        C        D        E       F      G
               +--------+--------+--------+--------+--------+-----+--------+
         Total |    654 |    654 |      0 |    516 |     17 |   1 |  654.0 |
       Dungeon |    654 |    654 |      0 |    516 |     17 |   1 |  654.0 |
               +--------+--------+--------+--------+--------+-----+--------+

Top non-repeatable levels by time:
       D: 654 daAuts
